 Dungeon Crawl Stone Soup version 0.29.1-2-gbd0b4ee654 (webtiles) character file.

Game seed: 17599163926679664759

21 qeuew the Slasher (level 2, 0/22 HPs)
             Began as a Demonspawn Gladiator on Nov 2, 2022.
             Slain by a quokka (3 damage)
             ... on level 1 of the Dungeon.
             The game lasted 00:02:20 (650 turns).

qeuew the Slasher (Demonspawn Gladiator)             Turns: 650, Time: 00:02:21

Health: 0/22       AC:  4    Str: 14    XL:     2   Next: 65%
Magic:  2/2        EV: 12    Int:  9    God:
Gold:   26         SH:  0    Dex: 14    Spells: 1/1 levels left

rFire   . . .      SeeInvis .   a - +0 long sword
rCold   . . .      Faith    .   (no shield)
rNeg    . . .      Spirit   .   b - +0 leather armour
rPois   .          Reflect  .   c - +0 helmet
rElec   .          Harm     .   (no cloak)
rCorr   .          Rampage  .   (no gloves)
Will    .....                   (no boots)
Stlth   +.........              (no amulet)
HPRegen 0.07/turn               (no ring)
MPRegen 0.08/turn               (no ring)

@: no status effects
A: claws 1
a: no special abilities


You were on level 1 of the Dungeon.
You visited 1 branch of the dungeon, and saw 1 of its levels.

You collected 26 gold pieces.

Inventory:

Hand Weapons
 a - a +0 long sword (weapon)
Missiles
 d - 3 throwing nets (quivered)
 e - a javelin
Armour
 b - a +0 leather armour (worn)
 c - a +0 helmet (worn)
Scrolls
 h - a scroll of amnesia {unknown}
Potions
 f - 2 potions of lignification {unknown}
 g - a potion of flight {unknown}
 i - a potion of might {unknown}


   Skills:
 + Level 2.0 Fighting
 + Level 3.0 Long Blades
 + Level 1.9 Throwing
 * Level 1.0 Armour
 + Level 2.9 Dodging


You had one spell level left.
You didn't know any spells.
Your spell library contained the following spells:

 Spells                   Type           Power      Damage    Failure   Level
 Summon Lightning Spire   Summ/Air       0%         N/A       99%         4
 Storm Form               Tmut/Air       0%         N/A       100%        7
 Maxwell's Capacitive Co  Air            0%         ∞         100%        8


Dungeon Overview and Level Annotations

Branches:
Dungeon (1/15)

Altars:


Innate Abilities, Weirdness & Mutations

You have sharp fingernails.


Message History

No target in view!
A kobold comes into view. It is wielding a +0 whip.
The kobold shouts!
An endoplasm comes into view.
A quokka comes into view.
There is a stone staircase leading down here.
There are monsters nearby!
There are monsters nearby!
You slash the endoplasm!
You kill the endoplasm!
The kobold throws a stone.
The stone closely misses you.
A quokka comes into view.
You closely miss the kobold. The kobold hits you with a +0 whip.
The quokka barely misses you. The kobold barely misses you.
You barely miss the kobold. The quokka bites you. The quokka barely misses you.
The kobold closely misses you.
You closely miss the kobold.
The quokka bites you but does no damage.
The kobold hits you with a +0 whip.
You hit the kobold.
You kill the kobold!
The quokka bites you. The quokka closely misses you.
The quokka bites you but does no damage.
Your Armour skill increases to level 1!
You are too injured to fight recklessly!
You are too injured to fight recklessly!
You are too injured to fight recklessly!
You are too injured to fight recklessly!
You are too injured to fight recklessly!
You are too injured to fight recklessly!
You are too injured to fight recklessly!
You are too injured to fight recklessly!
There are monsters nearby!
You closely miss the quokka. The quokka bites you.
* * * LOW HITPOINT WARNING * * *
The quokka barely misses you.
You miss the quokka. The quokka barely misses you.
The quokka closely misses you. x2; The quokka bites you.
* * * LOW HITPOINT WARNING * * *
The quokka attacks as you move away! The quokka bites you.
You die...

..~.~###... # #.##.# ....~#
.... #.#.##.# .....#
#.####.## .....# # #.......)
.....# #. ###...##.
''######### #.#######
#####.####. ..8........ ...
...# #.....# #.
....###########r###.###.#####
#. ..#.# ......r@.......# #.
###.# ######...#.###### #.
....# #.......>........ ..
##### #.#####.######... ..
.... ...#.#. ##..#.#. ... #.#
. .#. #.#


You could see 2 quokkas.

Vanquished Creatures
  A ball python (D:1)
  4 endoplasms (D:1)
  3 giant cockroaches (D:1)
  A goblin (D:1)
  A hobgoblin (D:1)
  2 jackals (D:1)
  2 bats (D:1)
  A frilled lizard (D:1)
  3 kobolds (D:1)
  A rat (D:1)
19 creatures vanquished.

Notes
Turn   | Place    | Note
-------+----------+-------------------------------------------
     0 | D:1      | qeuew the Demonspawn Gladiator began the quest for the Orb.
     0 | D:1      | Reached XP level 1. HP: 16/16 MP: 1/1
   129 | D:1      | Gained mutation: You have sharp fingernails. [demonic
                  | ancestry]
   129 | D:1      | Reached XP level 2. HP: 21/22 MP: 2/2
   404 | D:1      | Reached skill level 3 in Long Blades
   648 | D:1      | Reached skill level 1 in Armour
   650 | D:1      | Slain by a quokka

Illustrated notes

Levels and vault maps discovered:
D:1:      scummos_arrival_gate, layout_basic, minmay_close_crescents

Skill      XL: |  1  2 |
---------------+-------+-----
Long Blades    | 3 |  3.0
Armour         | 1 |  1.0
Fighting       | |  2.0
Throwing       | |  1.9
Dodging        | |  2.9

Action                   || total
-------------------------++-------
Melee: Long sword        ||    52
 Stab: Sleeping          ||     1
Armor: Leather armour    ||    27
Dodge: Dodged            ||    41
